 Dungeon Crawl Stone Soup version 0.30.2 (webtiles) character file.

Game seed: 13237970821908718081

237 porpoise the Shooter (level 5, 0/45 HPs)
             Began as a Minotaur Hexslinger on Jan 22, 2024.
             Slain by an orc wizard
             ... wielding a +0 dagger
              (1 damage)
             ... on level 3 of the Dungeon.
             The game lasted 00:05:50 (3013 turns).

porpoise the Shooter (Minotaur Hexslinger)          Turns: 3013, Time: 00:05:50

Health: 0/45       AC:  5    Str: 14    XL:     5   Next: 77%
Magic:  5/5        EV: 11    Int: 10    God:
Gold:   176        SH:  0    Dex: 13    Spells: 5/6 levels left

rFire   . . .        b - +0 hand axe
rCold   . . .        (no shield)
rNeg    . . .        d - +0 ring mail
rPois   .            (helmet restricted)
rElec   .            (no cloak)
rCorr   .            (no gloves)
SInv    .            (no boots)
Will    .....        (no amulet)
Stlth   +            (no ring)
HPRegen 0.27/turn    (no ring)
MPRegen 0.09/turn

%: no passive effects
@: no status effects
A: horns 2, retaliatory headbutt
a: no special abilities


You were on level 3 of the Dungeon.
You visited 1 branch of the dungeon, and saw 3 of its levels.

You collected 176 gold pieces.

Inventory:

Hand Weapons
 a - a +1 sling
 b - a +0 hand axe (weapon)
 h - a +0 whip
 v - a +0 short sword
Missiles
 j - 14 poisoned darts
 u - 3 boomerangs of dispersal
Armour
 d - a +0 ring mail (worn)
 n - a +1 plate armour of poison resistance
Scrolls
 c - 2 scrolls of noise {unknown}
 e - a scroll of enchant armour {unknown}
 i - 2 scrolls of poison
 q - 3 scrolls of identify {unknown}
 r - a scroll of magic mapping {unknown}
 s - a scroll of vulnerability {unknown}
 t - a scroll of teleportation {unknown}
 x - 2 scrolls of blinking {unknown}
 y - a scroll of immolation {unknown}
Potions
 f - a potion of degeneration {unknown}
 g - a potion of haste {unknown}
 k - a potion of magic {unknown}
 l - 2 potions of brilliance {unknown}
 m - a potion of curing {unknown}
 o - a potion of flight {unknown}
 p - a potion of might {unknown}
 w - a potion of ambrosia {unknown}


   Skills:
 + Level 3.5 Fighting
 * Level 2.7 Axes
 - Level 4.2 Ranged Weapons
 + Level 3.0 Armour
 - Level 2.1 Dodging
 - Level 1.0 Spellcasting
 - Level 2.0 Hexes


You had 5 spell levels left.
You knew the following spells:

 Your Spells              Type           Power      Damage    Failure   Level
a - Slow                  Hex            16%        N/A       30%         1

Your spell library contained the following spells:

 Spells                   Type           Power      Damage    Failure   Level
 Necrotise                Necr           0%         1d4       56%         1
 Poisonous Vapours        Pois/Air       0%         N/A       71%         2
 Inner Flame              Hex/Fire       2%         N/A       80%         3
 Portal Projectile        Hex/Tloc       4%         N/A       80%         3
 Mephitic Cloud           Conj/Pois/Air  0%         N/A       90%         3
 Vampiric Draining        Necr           0%         2d6       90%         3
 Cause Fear               Hex            2%         N/A       96%         4
 Agony                    Necr           0%         N/A       100%        5
 Freezing Cloud           Conj/Ice/Air   0%         6-21      100%        5


Dungeon Overview and Level Annotations

Branches:
Dungeon (3/15)

Altars:


Innate Abilities, Weirdness & Mutations

You have a pair of horns on your head.
You reflexively headbutt those who attack you in melee.


Message History

You bump into the stone wall.
Something hits you but does no damage. The gnoll closely misses you.
The gnoll bouda gazes fiercely through you!
You feel your attacks grow feeble.
An orc comes into view. It is wielding a +0 club.
The orc shouts!
You barely miss something. Your headbutt misses something.
You hear some strange, mumbled words.
A magic dart appears from out of thin air!
The magic dart hits you but does no damage.
The gnoll hits you but does no damage.
You closely miss something. Something hits you but does no damage.
The gnoll misses you.
You completely miss something. Your headbutt misses something.
Something hits you.
The gnoll hits you from afar with a +0 spear.
You bump into the stone wall.
You hear some strange, mumbled words.
A magic dart appears from out of thin air!
The magic dart hits you.
The gnoll hits you from afar with a +0 spear.
The gnoll bouda barks out a call to the hunt!
The gnolls pick up the pace!
You bump into the stone wall.
Something hits you but does no damage. The gnoll hits you but does no damage.
You're too confused to move!
Your attacks no longer feel as feeble.
You hear some strange, mumbled words.
A puff of flame appears from out of thin air!
The puff of flame hits you!
* * * LOW HITPOINT WARNING * * *
The gnoll hits you from afar with a +0 spear.
* * * LOW HITPOINT WARNING * * *
You hit something. Your headbutt misses something.
You feel less confused. Something hits you.
* * * LOW HITPOINT WARNING * * *
The gnoll hits you but does no damage.
You closely miss something. Something hits you.
You die...

.....................#########.##
.................................
~~~~~≈~~~≈~~~~~~~~~....~~~~~~~~~~
~≈≈≈≈≈≈≈≈≈≈~≈≈≈≈≈≈≈....~~~~≈≈≈≈≈≈
~≈#####≈~~~≈~~~~≈≈~....~~≈≈~~~~~~
~≈#goo#..........................
~≈#...#############''''##########
~≈###+# #######og..# ~≈~.#
+...@{goog.+ ~≈~.# #######ooo.#
~~~.# ##''## ~≈~.# g...o ~~~.#
o.g.g... ~≈~.# .g......... ≈≈~.#
............ ~≈~.# #####++######
~≈###+#


You could see 3 gnolls and 6 orcs.

Vanquished Creatures
  A howler monkey (D:3)
  2 hounds (D:3)
  2 gnolls (D:3)
  4 adders
  2 worms (D:2)
  2 dart slugs
  2 orcs (D:3)
  A bat (D:2)
  4 endoplasms
  A giant cockroach (D:2)
  5 goblins
  5 hobgoblins
  18 jackals
  9 kobolds
  A quokka (D:2)
  7 ball pythons
  9 rats
75 creatures vanquished.

Notes
Turn   | Place    | Note
-------+----------+-------------------------------------------
     0 | D:1      | porpoise the Minotaur Hexslinger began the quest for the
                  | Orb.
     0 | D:1      | Reached XP level 1. HP: 16/16 MP: 1/1
   586 | D:1      | Reached XP level 2. HP: 23/23 MP: 2/2
   760 | D:1      | Found a faded altar of an unknown god.
   762 | D:1      | Reached skill level 1 in Armour
   960 | D:2      | Reached skill level 3 in Ranged Weapons
  1146 | D:2      | Reached XP level 3. HP: 29/29 MP: 3/3
  1961 | D:3      | Reached XP level 4. HP: 37/37 MP: 4/4
  2302 | D:3      | Reached skill level 4 in Ranged Weapons
  2593 | D:3      | Reached skill level 1 in Axes
  2593 | D:3      | Reached XP level 5. HP: 45/45 MP: 5/5
  2991 | D:3      | Noticed an ogre
  3012 | D:3      | HP: 1/45 [something (2)]
  3013 | D:3      | Slain by an orc wizard

Illustrated notes

Levels and vault maps discovered:
D:1:      lordsloth_arrival_two_stooges, layout_basic,
          shapermc_ecumenical_altar_mp_highgroup, kennysheep_pointless_box
D:2:      layout_basic, minmay_fountain_box
D:3:      lemuel_castle_with_subvaults [lemuel_castle_interior_original],
          layout_basic, minmay_unequal

Skill      XL: |  1  2  3  4  5 |
---------------+----------------+-----
Armour         | 1 2 3 |  3.0
Ranged Weapons | 3 4 |  4.2
Fighting       | 2 3 |  3.5
Axes           | 1 2 |  2.7
Dodging        | |  2.1
Spellcasting   | |  1.0
Hexes          | |  2.0

Action                     |  1- 3 |  4- 6 || total
---------------------------+-------+-------++-------
  Melee: Short sword       |     9 |       ||     9
         Headbutt          |     2 |     2 ||     4
         Hand axe          |       |    27 ||    27
   Fire: Sling             |   133 |   127 ||   260
 Armour: Ring mail         |    41 |    45 ||    86
  Dodge: Dodged            |    54 |    61 ||   115
